 Dungeon Crawl Stone Soup version 0.16.1-2-g95b8d4c (webtiles) character file.

31019 Chiseanne the Martial Artist (level 13, -12/72 HPs)
             Began as a Vine Stalker Monk on Mar 24, 2015.
             Was an Initiate of Gozag.
             Mangled by a red ugly thing (21 damage)
             ... on level 13 of the Dungeon on Mar 25, 2015.
             The game lasted 01:11:10 (15454 turns).

Chiseanne the Martial Artist (Vine Stalker Monk)   Turns: 15454, Time: 01:11:10

Health: -12/72     AC: 22    Str: 17    XL:     13   Next: 55%
Magic:  0/17       EV: 18    Int: 13    God:    Gozag
Gold:   1142       SH:  6    Dex: 19    Spells: 0 memorised, 12 levels left

rFire  . . .     SeeInvis .       - Unarmed
rCold  . . .     Clarity  .     i - +5 ring mail {rPois}
rNeg   . . .     SustAb   +     M - +0 buckler
rPois  +         Gourm    .     C - +2 helmet {Int+3}
rElec  .         Spirit   +     r - +1 cloak
rCorr  .         Warding  .     N - +2 pair of gloves
rMut   .         Stasis   .     G - +0 pair of boots
MR     +....                    (no amulet)
Stlth  ++........               x - ring of sustain abilities
                                (no ring)

@: somewhat resistant to hostile enchantments, unstealthy
A: fangs 3, regeneration 3, magic shield, antimagic bite, no device heal 3, rot
immunity
a: Potion Petition, Call Merchant, Bribe Branch, Renounce Religion


You were on level 13 of the Dungeon.
You worshipped Gozag.
Gozag was noncommittal.
You were not hungry.

You visited 1 branch of the dungeon, and saw 14 of its levels.
You also visited: Ice Cave.

You collected 2860 gold pieces.
You spent 1201 gold pieces at shops.
You paid 517 gold pieces to Gozag.

Inventory:

Hand weapons
 w - a +0 blowgun
Missiles
 k - 4 poisoned needles
 s - a throwing net
 J - 6 tomahawks (quivered)
Armour
 i - a +5 ring mail of poison resistance (worn)
 r - a +1 cloak (worn)
 C - a +2 helmet of intelligence (worn)
 G - a +0 pair of boots (worn)
 M - a +0 buckler (worn)
 N - a +2 pair of gloves (worn)
Jewellery
 x - a ring of sustain abilities (right hand)
 A - an uncursed ring of teleportation
 B - an uncursed ring of ice
 K - an uncursed amulet of resist mutation
 L - an uncursed ring of teleport control
Magical devices
 v - a wand of disintegration (12)
 Q - a wand of digging (14)
Scrolls
 f - 7 scrolls of fog
 l - 4 scrolls of magic mapping
 m - 2 scrolls of blinking
 n - a scroll of remove curse
 t - 2 scrolls of recharging
 u - 2 scrolls of enchant weapon
 H - 3 scrolls of amnesia
Potions
 a - a potion of cancellation
 e - 4 potions of flight
 g - 3 potions of mutation
 h - a potion of cure mutation {unknown}
 j - 9 potions of curing
 o - 2 potions of restore abilities
 p - a potion of magic {unknown}
 q - 2 potions of degeneration {unknown}
 I - a potion of resistance {unknown}
 O - a potion of invisibility
 P - a potion of berserk rage {unknown}
 R - 2 potions of agility
Books
 d - a book of the Warp

   Spells                             Type                      Level
   a - Recall                         Summoning/Translocation      3
   b - Control Teleport               Charms/Translocation         4
   c - Force Lance                    Conjuration/Translocation    4
   d - Phase Shift                    Translocation                5
   e - Warp Weapon                    Charms/Translocation         5
   f - Gell's Gravitas                Hexes/Translocation          5
   g - Summon Forest                  Summoning/Translocation      5
 D - a Grand Grimoire {highlevel, unknown}

   This book is beyond your current level of understanding.

   Spells                             Type                      Level
   a - Aura of Abjuration             Summoning                    6
   b - Summon Greater Demon           Summoning                    7
   c - Malign Gateway                 Summoning/Translocation      7
   d - Summon Horrible Things         Summoning                    8
Comestibles
 b - 7 bread rations
 c - 5 meat rations


   Skills:
 * Level 10.4 Fighting
 * Level 8.3 Armour
 * Level 9.8 Dodging
 - Level 2.4 Stealth
 * Level 6.8 Shields
 * Level 11.9 Unarmed Combat


You had 12 spell levels left.
You didn't know any spells.

Dungeon Overview and Level Annotations

Branches:
Dungeon (14/15)            Temple (0/1) D:6            Lair (0/8) D:8
    Orc (0/4) D:9
 Vaults: D:13-14

Altars:
Cheibriados
Fedhas
Gozag
Makhleb
Qazlal
Sif Muna
Yredelemnul
Beogh

Shops:
D:7 :   D:9 [   D:11 *   D:12 =

Annotations:
D:3 Grujah's ghost, weakling DsTm
D:12 exclusion: oklob plant


Innate Abilities, Weirdness & Mutations

You have razor-sharp teeth.
You regenerate.
When hurt, damage is shared between your health and your magic reserves.
Your bite disrupts and absorbs the magic of your enemies.
Potions and wands cannot restore your health.
You are immune to rotting.


Message History

You hit the red ugly thing but do no damage.
The red ugly thing is almost dead.
The red ugly thing tentacle-slaps you but does no damage.
You hit the red ugly thing! You bite the red ugly thing. You drain its power.
You feel invigorated.
The red ugly thing is almost dead.
The red ugly thing tentacle-slaps you.
* * * LOW HITPOINT WARNING * * *
You are engulfed in flames!
* * * LOW HITPOINT WARNING * * *
Read which item? (? for menu, Esc to quit)
Okay, then.
Read which item? (? for menu, Esc to quit)
Okay, then.
The red ugly thing tentacle-slaps you but does no damage.
The red ugly thing tentacle-slaps you!
* * * LOW HITPOINT WARNING * * *
You are engulfed in flames!!
You die...
Your body crumbles into a pile of gold.

# #......#.........#..... #
#......#'#########..... # #####
#...........# #.##.. ####...##
#..###..#...# #.##..
#P≈PPP..###..# #..#...# #.....
P≈P≈PPP..##..###..#..># #.....
≈P≈≈≈P≈P..........#...# ######
P≈≈≈≈≈P≈###.......#...# #...#
≈≈≈♣♣♣PP###.....@u....#######...#
≈≈≈♣≈≈≈P.###...##.....#....##...#
≈♣♣P♣≈≈≈≈......P#.♣..♣#.....#...#
♣PPPP≈≈≈≈.....♣≈≈P≈≈P≈≈.....#....
≈PP≈PP♣≈P≈...P≈≈.≈≈≈≈≈.P....#....
≈≈.PPP≈≈P≈..#.≈≈.≈≈≈≈≈≈≈P...'....
P.##.P.≈≈≈.##.≈≈≈≈≈≈≈≈.≈♣..######
P..#.#≈≈P≈.##.P≈≈.≈≈≈.≈....#
≈..#..P≈♣≈..)..P≈≈.≈≈≈≈♣...#


You could see a red ugly thing.

Vanquished Creatures
  Maud (D:14)
  2 vault guards (D:14)
  A centaur warrior (D:13)
  Erolcha (D:9)
  2 wizards
  8 hill giants
  2 unseen horrors
  A wolf spider zombie (D:14)
  The ghost of Grujah the Covert, an experienced SpEn of Jiyva (D:9)
  3 ugly things
  An orc sorcerer (D:14)
  4 cyclopes
  A gargoyle (D:13)
  2 komodo dragons (D:14)
  5 trolls
  A freezing wraith (D:14)
  A raven (D:14)
  A two-headed ogre (D:12)
  A basilisk (D:13)
  A water elemental (D:13)
  A human (D:14)
  A deep elf mage (D:9)
  A trapdoor spider (D:12)
  4 wraiths
  A spriggan (D:7)
  11 yaks
  Grum (D:13)
  2 mottled dragons
  2 deep elf fighters (D:14)
  3 hippogriffs
  3 wolves (D:13)
  A vampire mosquito (D:13)
  A water moccasin (D:8)
  An eye of draining (D:13)
  9 orc warriors
  3 ogres
  2 sky beasts
  2 necrophages (D:9)
  A black bear (D:6)
  2 wasps
  21 ice beasts
  4 phantoms
  A crocodile (D:11)
  Duvessa (D:4)
  14 centaurs
  A big kobold (D:14)
  A gnoll sergeant (D:9)
  A water moccasin zombie (D:6)
  A water moccasin skeleton (D:6)
  A wyvern skeleton (D:10)
  10 giant frogs
  5 scorpions
  3 electric eels (D:13)
  Dowan (D:4)
  2 crimson imps
  3 goliath beetles
  2 centaur skeletons
  6 centaur zombies
  10 jellies
  4 iguanas
  6 hounds
  9 orc priests
  11 orc wizards
  2 giant frog skeletons
  Natasha (thrice) (D:3)
  6 worker ants
  2 sheep (D:12)
  Ijyb (D:3)
  2 hound skeletons (D:9)
  A mummy (D:14)
  9 gnolls
  2 worker ant zombies (D:8)
  12 adders
  5 shadow imps
  2 worms
  An adder skeleton (D:5)
  6 giant geckos
  8 oozes
  67 orcs
  3 ball pythons
  14 bats
  A bat skeleton (D:5)
  8 giant cockroaches
  15 goblins
  18 hobgoblins
  5 quokkas
  5 giant newts
  2 giant spores
  12 jackals
  23 kobolds
  A quokka skeleton (D:9)
  17 rats
  8 ballistomycetes
  3 butterflies (D:6)
  4 plants (D:13)
478 creatures vanquished.

Vanquished Creatures (collateral kills)
  2 orcs (D:9)
2 creatures vanquished.

Vanquished Creatures (others)
  3 orcs (D:9)
  A giant spore (D:8)
  2 plants (D:13)
  14 toadstools (D:12)
20 creatures vanquished.

Grand Total: 500 creatures vanquished

Notes
Turn   | Place    | Note
--------------------------------------------------------------
     0 | D:1      | Chiseanne, the Vine Stalker Monk, began the quest for the Orb.
     0 | D:1      | Reached XP level 1. HP: 11/11 MP: 1/1
     1 | D:1      | Found a runed door.
   282 | D:1      | Reached XP level 2. HP: 10/16 MP: 3/3
   879 | D:1      | Reached XP level 3. HP: 19/19 MP: 4/4
   886 | D:1      | Reached skill level 1 in Armour
  1042 | D:2      | Reached XP level 4. HP: 12/23 MP: 5/5
  1551 | D:3      | Found a basalt altar of Yredelemnul.
  1551 | D:3      | Noticed Ijyb
  1567 | D:3      | Killed Ijyb
  1648 | D:3      | Reached XP level 5. HP: 24/28 MP: 7/7
  1696 | D:3      | Noticed Natasha
  1705 | D:3      | Killed Natasha
  1802 | D:3      | Noticed Natasha
  1816 | D:3      | Noticed Grujah's ghost (weakling DsTm)
  1816 | D:3      | Killed Natasha
  2001 | D:3      | Noticed Natasha
  2009 | D:3      | Killed Natasha
  2188 | D:3      | Gained mutation: You heal very quickly. [vine stalker growth]
  2188 | D:3      | Reached XP level 6. HP: 32/32 MP: 8/8
  2591 | D:4      | Noticed an ogre
  2667 | D:4      | Killed an ogre
  2828 | D:4      | Reached skill level 5 in Unarmed Combat
  2856 | D:4      | Noticed a phantom
  2905 | D:4      | Reached XP level 7. HP: 36/36 MP: 9/9
  3145 | D:4      | Noticed Duvessa
  3145 | D:4      | Noticed Dowan
  3159 | D:4      | Killed Duvessa
  3184 | D:4      | Killed Dowan
  3295 | D:4      | Found a snail-covered altar of Cheibriados.
  3404 | D:4      | Killed a phantom
  3720 | D:5      | Entered Level 5 of the Dungeon
  3811 | D:5      | Found a stormy altar of Qazlal.
  4120 | D:5      | Gained mutation: You have razor-sharp teeth. [vine stalker growth]
  4120 | D:5      | Reached XP level 8. HP: 29/42 MP: 9/11
  4173 | D:5      | Reached skill level 5 in Armour
  4395 | D:5      | Found a deep blue altar of Sif Muna.
  4870 | D:6      | Found an opulent altar of Gozag.
  4877 | D:6      | Reached skill level 6 in Unarmed Combat
  4891 | D:6      | Became a worshipper of Gozag Ym Sagoz the Greedy
  5265 | D:6      | Found a staircase to the Ecumenical Temple.
  5413 | D:6      | Reached skill level 5 in Fighting
  5780 | D:7      | Reached skill level 7 in Unarmed Combat
  5780 | D:7      | Reached XP level 9. HP: 42/47 MP: 10/12
  5846 | D:7      | Reached skill level 5 in Dodging
  5924 | D:7      | Found Vathror's Book Boutique.
  6294 | D:7      | Found a burning altar of Makhleb.
  6406 | D:8      | Found a staircase to the Lair.
  7218 | D:9      | Reached skill level 8 in Unarmed Combat
  7560 | D:9      | Reached XP level 10. HP: 53/55 MP: 13/13
  7579 | D:9      | Noticed Erolcha
  7598 | D:9      | Killed Erolcha
  7799 | D:9      | Noticed Grujah's ghost (experienced SpEn)
  7799 | D:9      | Reached skill level 9 in Unarmed Combat
  8455 | D:9      | Found a roughly hewn altar of Beogh.
  8604 | D:9      | Found a staircase to the Orcish Mines.
  8667 | D:9      | Found Soshux Ghame's Armour Boutique.
  8674 | D:9      | Bought a +4 ring mail of poison resistance for 392 gold pieces
  8684 | D:9      | Bought a +0 buckler for 63 gold pieces
  8684 | D:9      | Bought a +2 pair of gloves for 231 gold pieces
  8893 | D:9      | Killed Grujah's ghost
  8893 | D:9      | Reached skill level 1 in Shields
  9030 | D:10     | Entered Level 10 of the Dungeon
  9210 | D:10     | Noticed a cyclops
  9227 | D:10     | Killed a cyclops
  9253 | D:10     | Got an encrusted scale mail
  9303 | D:10     | Identified the +3 scale mail of Immorality {Dex+4} (You found it on level 10 of the Dungeon)
  9555 | D:10     | Noticed a hill giant
  9560 | D:10     | Killed a hill giant
  9560 | D:10     | Reached XP level 11. HP: 60/60 MP: 15/15
  9801 | D:10     | Noticed a hill giant
  9808 | D:10     | Killed a hill giant
 10050 | D:11     | Noticed a hill giant
 10238 | D:11     | Killed a hill giant
 10329 | D:11     | Noticed a hill giant
 10337 | D:11     | Killed a hill giant
 10427 | D:11     | Noticed a hill giant
 10437 | D:11     | Killed a hill giant
 10437 | D:11     | Reached skill level 10 in Unarmed Combat
 10654 | D:11     | Noticed a hill giant
 10663 | D:11     | Killed a hill giant
 10792 | D:11     | Found Cuga's Assorted Antiques.
 10812 | D:11     | Bought a scroll of identify for 50 gold pieces
 10812 | D:11     | Bought an encrusted steel ring for 125 gold pieces
 10812 | D:11     | Bought a glowing helmet for 112 gold pieces
 10812 | D:11     | Bought a potion of invisibility for 200 gold pieces
 11549 | D:12     | Found Xeiff's Jewellery Emporium.
 11558 | D:12     | Bought a cursed -2 ring of evasion for 28 gold pieces
 11650 | D:12     | Noticed a wizard
 11659 | D:12     | Killed a wizard
 11659 | D:12     | Gained mutation: You regenerate. [vine stalker growth]
 11659 | D:12     | Reached XP level 12. HP: 66/66 MP: 16/16
 11686 | D:12     | HP: 2/66 [red ugly thing (11)]
 11826 | D:12     | Found a frozen archway.
 11862 | IceCv    | Entered an ice cave
 11971 | IceCv    | Noticed wanderer1's ghost (powerful MiGl)
 12320 | D:12     | Reached skill level 5 in Shields
 12360 | D:12     | Killed an unseen horror
 12360 | D:12     | Reached skill level 11 in Unarmed Combat
 12488 | D:12     | Found a blossoming altar of Fedhas.
 13081 | D:13     | Noticed Grum
 13122 | D:13     | Killed Grum
 13415 | D:13     | Noticed a centaur warrior
 13436 | D:13     | Killed a centaur warrior
 14188 | D:13     | Reached XP level 13. HP: 72/72 MP: 17/17
 14469 | D:14     | Reached skill level 10 in Fighting
 14739 | D:14     | Noticed Maud
 14750 | D:14     | Killed Maud
 14959 | D:14     | Noticed a vault guard
 15107 | D:14     | Noticed a vault guard
 15116 | D:14     | Killed a vault guard
 15218 | D:14     | Killed a vault guard
 15228 | D:14     | Noticed a vault guard
 15454 | D:13     | Mangled by a red ugly thing

Action                   |  1- 3 |  4- 6 |  7- 9 | 10-12 | 13-15 || total
-------------------------+-------+-------+-------+-------+-------++-------
Melee: Unarmed           |   125 |   225 |   602 |   999 |   267 ||  2218
 Fire: Blowgun           |       |       |       |    28 |    50 ||    78
Throw: Tomahawk          |       |       |     2 |    14 |       ||    16
       Throwing net      |       |       |     1 |     2 |       ||     3
Invok: Potion Petition   |       |       |       |     1 |       ||     1
       Call Merchant     |       |       |       |     1 |       ||     1
Evoke: Wand              |       |     2 |       |     9 |       ||    11
  Use: Scroll            |     8 |     4 |     7 |    16 |     1 ||    36
       Potion            |       |       |     1 |     8 |     2 ||    11
 Stab: Sleeping          |     3 |       |     3 |     3 |     1 ||    10
       Distracted        |       |       |     3 |     4 |     1 ||     8
       Held in net/web   |       |       |       |     1 |       ||     1
  Eat: Chunk             |       |     7 |     6 |       |       ||    13
       Fruit             |       |       |     7 |       |       ||     7
       Beef jerky        |       |       |     1 |       |       ||     1
       Bread ration      |       |       |     1 |     4 |     1 ||     6
       Royal jelly       |       |       |       |     2 |       ||     2
